 Dungeon Crawl Stone Soup version 0.16.1-11-g651b585 (webtiles) character file.

765 hulla the Changer (level 7, -10/45 HPs)
             Began as an Octopode Transmuter on Mar 31, 2015.
             Was an Initiate of Makhleb.
             Killed by divine providence
             ... invoked by an orc priest
              (12 damage)
             ... on level 5 of the Dungeon.
             The game lasted 00:41:40 (6970 turns).

hulla the Changer (Octopode Transmuter)             Turns: 6970, Time: 00:41:40

Health: -10/45     AC:  2    Str:  9    XL:     7   Next: 81%
Magic:  9/12       EV: 21    Int: 17    God:    Makhleb [......]
Gold:   296        SH:  0    Dex: 18    Spells: 4 memorised, 0 levels left

rFire  . . .     SeeInvis .       - Unarmed
rCold  . . .     Clarity  .     (shield currently unavailable)
rNeg   + . .     SustAb   .     (helmet currently unavailable)
rPois  x         Gourm    .     (no amulet)
rElec  .         Spirit   .     p - ring of positive energy
rCorr  .         Warding  .     x - +1 ring of evasion
rMut   .         Stasis   .     (no ring)
MR     .....                    (no ring)
Stlth  ++........               (no ring)
                                (no ring)
                                (no ring)
                                (no ring)

@: spider-form, not resistant to hostile enchantments, unstealthy
A: almost no armour, amphibious, 8 rings, (constrict 8), (camouflage 0),
(gelatinous body 0)
a: End Transformation, Renounce Religion


You were on level 5 of the Dungeon.
You worshipped Makhleb.
Makhleb was noncommittal.
You were hungry.
You were a venomous arachnid creature.
You visited 2 branches of the dungeon, and saw 6 of its levels.

You collected 296 gold pieces.

Inventory:

Hand weapons
 a - a +0 hunting sling
 e - a +0 spear
Missiles
 b - 78 arrows
 j - 97 stones (quivered)
 m - 21 arrows of dispersal
 q - 33 sling bullets
 v - 15 sling bullets of flame
Jewellery
 p - a ring of positive energy (left front leg)
 x - a +1 ring of evasion (right front leg)
Magical devices
 D - a wand of flame (23)
Scrolls
 c - 3 scrolls of identify
 h - 3 scrolls of remove curse {unknown}
 i - a scroll of enchant armour
 s - 2 scrolls of blinking
 t - a scroll of amnesia {unknown}
 u - a scroll of noise {unknown}
 y - 2 scrolls of teleportation {unknown}
 A - a scroll of fear {unknown}
Potions
 f - 2 potions of haste {unknown}
 g - a potion of heal wounds {unknown}
 k - a potion of restore abilities {unknown}
 l - a potion of degeneration {unknown}
 o - a potion of poison {unknown}
 r - a potion of berserk rage {unknown}
 w - 2 potions of beneficial mutation {unknown}
 z - a potion of cure mutation {unknown}
 B - a potion of agility {unknown}
Books
 d - a book of Changes

   Spells                             Type                      Level
   a - Beastly Appendage              Transmutation                1
   b - Sticks to Snakes               Transmutation                2
   c - Spider Form                    Transmutation/Poison         3
   d - Ice Form                       Ice/Transmutation            4
   e - Blade Hands                    Transmutation                5
Comestibles
 n - 2 bread rations
 C - 3 chunks of flesh


   Skills:
 + Level 2.2 Fighting
 + Level 2.6 Dodging
 - Level 3.0 Unarmed Combat
 - Level 2.0 Spellcasting
 + Level 7.0 Transmutations
 + Level 1.6 Ice Magic
 - Level 4.0 Poison Magic


You couldn't memorise any spells.
You knew the following spells:

 Your Spells              Type           Power        Failure   Level  Hunger
a - Beastly Appendage     Trmt           ####..       4%          1    #......
b - Spider Form           Trmt/Pois      ###.......   21%         3    ###....
c - Sticks to Snakes      Trmt           ####......   6%          2    ###....
d - Ice Form              Ice/Trmt       ###.....     61%         4    #####..


Dungeon Overview and Level Annotations

Branches:
Dungeon (5/15)             Temple (1/1) D:4

Altars:
Ashenzari
Cheibriados
Elyvilon
Fedhas
Gozag
Kikubaaqudgha
Makhleb
Qazlal
Ru
Trog
Vehumet
Zin
The Shining One

Shops:
D:4 %!*

Annotations:
D:3 Shoikan's ghost, average MiBe
D:4 Menkaure


Innate Abilities, Weirdness & Mutations

You cannot wear most types of armour.
You are amphibious.
You can wear up to eight rings at the same time.
((You can use your tentacles to constrict many enemies at once.))
((Your skin changes colour to match your surroundings (Stealth).))
((Your rubbery body absorbs attacks (AC +1).))


Message History

You tentacle-slap the orc priest. Your grab misses the orc priest.
The orc priest is heavily wounded.
The orc priest mumbles some strange prayers to Beogh against you.
Something smites you!
Casting: Spider Form
Confirm with . or Enter, or press ? or * to list all spells.
You turn into a venomous arachnid creature.
You are feeling hungry.
The orc priest mumbles some strange prayers to Beogh against you.
Something smites you!
* * * LOW HITPOINT WARNING * * *
You hit the orc priest.
The orc priest is poisoned.
The orc priest is severely wounded.
The orc priest hits you but does no damage.
The orc misses you.
You closely miss the orc priest.
The orc priest is severely wounded.
The orc priest invokes the aid of Beogh against you.
Something smites you!
You die...

##########
######........#
#....'........#
+....#.o......#
#..#..so......#
##+#####..#####......#
#..........# ......#
#..........# ......#
#####.###.##.##
......# ......###)####
###### ...#....)..#
...')......#
...##+##..##


You could see an orc priest and an orc.

Vanquished Creatures
  A sky beast (D:4)
  2 ogres
  Sigmund (D:5)
  A goliath beetle (D:4)
  An orc priest (D:3)
  A worker ant (D:4)
  3 orc wizards
  9 adders
  7 worms
  2 giant geckos
  9 orcs
  6 goblins
  11 hobgoblins
  7 jackals
  A quokka (D:3)
  18 bats
  2 giant cockroaches
  5 giant newts
  14 kobolds
  9 rats
110 creatures vanquished.

Vanquished Creatures (collateral kills)
  Blork the orc (D:4)
  A worker ant (D:4)
2 creatures vanquished.

Grand Total: 112 creatures vanquished

Notes
Turn   | Place    | Note
--------------------------------------------------------------
     0 | D:1      | hulla, the Octopode Transmuter, began the quest for the Orb.
     0 | D:1      | Reached XP level 1. HP: 13/13 MP: 3/3
   326 | D:1      | Reached XP level 2. HP: 6/18 MP: 4/4
   950 | D:2      | Reached XP level 3. HP: 23/23 MP: 4/6
   958 | D:2      | Learned a level 3 spell: Spider Form
   961 | D:2      | Learned a level 2 spell: Sticks to Snakes
  1074 | D:2      | Reached skill level 1 in Poison Magic
  1409 | D:2      | Reached XP level 4. HP: 7/28 MP: 2/7
  1723 | D:3      | Noticed Shoikan's ghost (average MiBe)
  2695 | D:3      | Reached skill level 4 in Poison Magic
  2695 | D:3      | Reached XP level 5. HP: 22/33 MP: 6/9
  3534 | D:3      | Noticed an ogre
  3682 | D:4      | Found Ifysihapn's Food Shoppe.
  3741 | D:4      | Reached XP level 6. HP: 38/38 MP: 6/10
  3781 | D:4      | Found a radiant altar of Vehumet.
  3807 | D:4      | Noticed Blork the orc
  3818 | D:4      | Killed Blork the orc
  3818 | D:4      | Reached skill level 5 in Transmutations
  4135 | D:3      | Killed an ogre
  4191 | D:4      | Reached skill level 6 in Transmutations
  4567 | D:4      | Found Xeredaall's Assorted Antiques.
  4579 | D:4      | Found a staircase to the Ecumenical Temple.
  4595 | Temple   | Entered the Ecumenical Temple
  4637 | Temple   | Became a worshipper of Makhleb the Destroyer
  4694 | D:4      | Found Cliuwopt's Distillery.
  4713 | D:4      | Noticed a sky beast
  4728 | D:4      | Killed a sky beast
  4728 | D:4      | Reached XP level 7. HP: 16/43 MP: 9/12
  4999 | D:4      | Learned a level 4 spell: Ice Form
  5185 | D:4      | Noticed Menkaure
  6382 | D:5      | Entered Level 5 of the Dungeon
  6412 | D:5      | Noticed Sigmund
  6435 | D:5      | Killed Sigmund
  6435 | D:5      | Reached skill level 1 in Ice Magic
  6941 | D:5      | Reached skill level 7 in Transmutations
  6967 | D:5      | HP: 2/45 [orc priest/divine providence (15)]
  6970 | D:5      | Killed from afar by an orc priest

Action                   |  1- 3 |  4- 6 |  7- 9 || total
-------------------------+-------+-------+-------++-------
Melee: Unarmed           |    72 |   164 |    58 ||   294
 Fire: Hunting sling     |     6 |    40 |     7 ||    53
Throw: Stone             |       |       |     5 ||     5
 Cast: Beastly Appendage |     7 |     5 |     3 ||    15
       Spider Form       |     1 |    16 |     8 ||    25
       Sticks to Snakes  |       |     6 |       ||     6
 Abil: End Transformatio |       |     4 |     1 ||     5
  Use: Scroll            |       |     4 |       ||     4
 Stab: Sleeping          |     2 |     2 |       ||     4
       Distracted        |       |     1 |       ||     1
  Eat: Chunk             |     2 |    13 |     3 ||    18
       Bread ration      |       |       |     1 ||     1
